 Dungeon Crawl Stone Soup version 0.23-a0-356-g1757c6e (webtiles) character file.

11555 iamserjio the Nimble (level 11, -1/70 HPs)
             Began as an Octopode Gladiator on Oct 21, 2018.
             Was an Initiate of Hepliaklqana.
             Slain by an unseen horror (6 damage)
             ... on level 11 of the Dungeon.
             The game lasted 00:35:35 (14043 turns).

iamserjio the Nimble (Octopode Gladiator)          Turns: 14043, Time: 00:35:36

Health: -1/70      AC:  1    Str: 18    XL:     11   Next: 79%
Magic:  35/35      EV: 23    Int: 13    God:    Hepliaklqana [......]
Gold:   523        SH: 10    Dex: 14    Spells: 8/19 levels left

rFire    . . .     SeeInvis .   N - +3 trident
rCold    . . .     Gourm    .   L - +0 buckler
rNeg     + . .     Faith    .   b - +0 hat
rPois    .         Spirit   .   m - +5 amulet of reflection
rElec    .         Reflect  +   h - ring of magical power
rCorr    .         Harm     .   p - +2 ring of slaying
MR       .....                  u - +4 ring of strength
Stlth    ++........             D - ring of magical power
HPRegen  0.21/turn              E - ring of positive energy
MPRegen  0.24/turn              C - +3 ring of evasion
                                (no ring)
                                (no ring)

@: very slightly contaminated
A: almost no armour, stealthy swim, amphibious, 8 rings, constrict 8, reduced
essence, camouflage 1, gelatinous body 1
a: Recall Ancestor, Ancestor Identity, Renounce Religion


You were on level 11 of the Dungeon.
You worshipped Hepliaklqana.
Hepliaklqana was noncommittal.
You were not hungry.

You visited 2 branches of the dungeon, and saw 12 of its levels.
You also visited: Sewer.

You collected 523 gold pieces.

Inventory:

Hand Weapons
 a - a +0 quarterstaff
 v - a +0 blowgun
 K - a +2 flail of holy wrath
 N - a +3 trident (weapon)
 T - the +4 falchion of Jeleuc {pain, +Inv rElec rF+ rC+}
   (You found it on level 10 of the Dungeon)

   In the hands of one skilled in necromantic magic, it inflicts extra damage on
   living creatures.
   It protects you from fire.
   It protects you from cold.
   It insulates you from electricity.
   It lets you turn invisible.
Missiles
 c - 3 throwing nets (quivered) {!f}
 f - 416 stones
 n - 225 arrows
 w - 96 poisoned needles
 G - 3 tomahawks
Armour
 b - a +0 hat (worn)
 L - a +0 buckler (worn)
Magical Staves
 t - an uncursed staff of air
Jewellery
 h - a ring of magical power (left tentacle)
 k - the macabre finger necklace {rN+}
   (You took it off an orc on level 8 of the Dungeon)

   [amulet of nothing]

   It protects you from negative energy.
 m - a +5 amulet of reflection (around mantle)
 p - a +2 ring of slaying (right tentacle)
 u - a +4 ring of strength (on tentacle)
 C - a +3 ring of evasion (on tentacle)
 D - a ring of magical power (on tentacle)
 E - a ring of positive energy (on tentacle)
Wands
 A - a wand of iceblast (3)
 M - a wand of disintegration (3)
Scrolls
 e - a scroll of blinking
 g - 3 scrolls of remove curse {@r2}
 l - 8 scrolls of teleportation
 q - 3 scrolls of random uselessness {unknown}
 r - 2 scrolls of fear
 y - 2 scrolls of enchant weapon {unknown}
 B - 3 scrolls of amnesia {unknown}
 F - a scroll of noise {unknown}
 H - 2 scrolls of immolation
 J - 2 scrolls of enchant armour {unknown}
 P - a scroll of magic mapping
 V - a scroll of identify {@r1}
Potions
 i - 4 potions of flight
 j - 4 potions of curing {@q1}
 s - 2 potions of cancellation {unknown}
 x - 3 potions of might {unknown}
 z - a potion of agility
 I - 3 potions of mutation {unknown}
 O - a potion of resistance {unknown}
 R - a potion of invisibility {unknown}
 S - a potion of berserk rage {unknown}
 U - a potion of brilliance {unknown}
 X - a potion of ambrosia {unknown}
Miscellaneous
 Q - a sack of spiders
Comestibles
 d - 16 rations
 W - 4 chunks of flesh


   Skills:
 + Level 8.6 Fighting
 + Level 7.3(7.9) Polearms
 - Level 4.1(6.2) Staves
 - Level 2.0 Throwing
 - Level 11.0 Dodging
 - Level 4.0 Shields
 + Level 4.6 Spellcasting
 + Level 1.2 Charms
 - Level 3.1 Translocations
 - Level 1.0 Ice Magic
 + Level 1.0 Invocations
 - Level 6.0 Evocations


You had 8 spell levels left.
You knew the following spells:

 Your Spells              Type           Power        Failure   Level  Hunger
a - Blink                 Tloc           N/A          8%          2    ##.....
b - Conjure Flame         Conj/Fire      #.......     52%         3    ###....
c - Mephitic Cloud        Conj/Pois/Air  #.......     52%         3    ###....
d - Ozocubu's Armour      Chrm/Ice       #.......     36%         3    ###....

Your spell library contained the following spells:

 Spells                   Type           Power        Failure   Level  Hunger
 Freeze                   Ice            #...         13%         1    None
 Confusing Touch          Hex            #.....       21%         1    None
 Flame Tongue             Conj/Fire      #....        21%         1    None
 Magic Dart               Conj           #...         21%         1    None
 Ensorcelled Hibernation  Hex/Ice        #.....       24%         2    ##.....
 Throw Frost              Conj/Ice       #.....       24%         2    ##.....
 Call Imp                 Summ           #.......     30%         2    ##.....
 Slow                     Hex            #.......     30%         2    ##.....
 Throw Flame              Conj/Fire      #.....       30%         2    ##.....
 Portal Projectile        Hex/Tloc       #.....       30%         3    ###....
 Inner Flame              Hex/Fire       #.......     52%         3    ###....
 Summon Ice Beast         Ice/Summ       #.......     85%         4    ####...
 Throw Icicle             Conj/Ice       #.......     85%         4    ####...
 Sticky Flame             Conj/Fire      #.......     89%         4    ####...
 Fireball                 Conj/Fire      #.........   99%         5    ######.
 Yara's Violent Unravell  Hex/Tmut       #.........   99%         5    ######.
 Bolt of Cold             Conj/Ice       #.........   100%        6    #######


Dungeon Overview and Level Annotations

Branches:
Dungeon (11/15)            Temple (1/1) D:5            Lair (0/6) D:9
    Orc (0/2) D:9

Altars:
Ashenzari
Cheibriados
Dithmenos
Elyvilon
Fedhas
Gozag
Hepliaklqana
Kikubaaqudgha
Makhleb
Nemelex Xobeh
Okawaru
Qazlal
Ru
Sif Muna
Trog
Uskayaw
Vehumet
Wu Jian
Xom
Yredelemnul
Zin
The Shining One

Annotations:
D:8 2 transporters
D:9 2 runed doors, wwer's ghost, novice DrFi
D:11 exclusions: centaur and hydra


Innate Abilities, Weirdness & Mutations

You cannot wear most types of armour.
You are very stealthy in the water. (Stealth+)
You are amphibious.
You can wear up to eight rings at the same time.
You can use your tentacles to constrict eight enemies at once.
Your skin changes colour to match your surroundings (Stealth+).
Your rubbery body absorbs attacks. (AC +1, EV +1)
Your life essence is reduced to manifest your ancestor. (-10% HP)


Message History

A hippogriff is nearby!
You block something's attack. The hippogriff completely misses you.
The hippogriff misses you. x2
Found a stone staircase leading down.
Something hits :>!
You feel better.
Something hits :>! x2 :> is destroyed!
The hippogriff misses you. You block the hippogriff's attack.
The hippogriff claws you!
* * * LOW HITPOINT WARNING * * *
Something hits you.
* * * LOW HITPOINT WARNING * * *
The hippogriff bites you but does no damage.
The hippogriff barely misses you. x2
Okay, then.
Blink to where?
You are very lightly contaminated with residual magic.
As you read the scroll of blinking, it crumbles to dust.
Something hits you.
You die...

### ####.#
###...@##
####.....#.#
###.....####.##
####....####
#..##
###....####
#...## ....####
#....## .####
#..#..## ##
....###..###
.....# ###H.##


There were no monsters in sight!

Vanquished Creatures
  Harold (D:8)
  3 two-headed ogres
  An unseen horror (D:7)
  4 trolls (D:9)
  Grinder (Sewer)
  A hippogriff (D:9)
  Sigmund (D:7)
  2 vampires
  5 yaks (D:9)
  2 vampire mosquitoes (D:9)
  2 hungry ghosts
  Menkaure (D:5)
  Edmund (D:6)
  A water moccasin (D:10)
  3 phantoms
  A black bear (D:10)
  2 centaurs (D:8)
  6 ogres
  2 crocodiles
  Blork the orc (D:5)
  2 big kobolds
  4 bullfrogs
  4 scorpions
  2 wyvern skeletons
  9 killer bees
  A water moccasin skeleton (D:10)
  2 crimson imps
  5 howler monkeys
  A bullfrog zombie (D:5)
  2 quasits
  A jelly (D:6)
  A centaur skeleton (D:9)
  2 hounds
  2 bullfrog skeletons (D:5)
  A gnoll shaman (D:8)
  8 orc priests
  5 orc wizards
  4 iguanas
  8 worker ants
  4 big kobold zombies (Sewer)
  2 hound zombies
  Robin (D:3)
  15 adders
  6 gnolls
  3 shadow imps
  A white imp (D:6)
  An ooze (D:6)
  2 adder zombies
  3 adder skeletons
  4 worms
  4 dart slugs
  9 leopard geckos
  27 orcs
  7 bats
  10 giant cockroaches
  15 goblins
  13 hobgoblins
  5 jackals
  30 kobolds
  5 quokkas
  3 ball pythons
  9 frilled lizards
  A giant cockroach zombie (D:5)
  A goblin zombie (D:6)
  A hobgoblin zombie (D:6)
  2 kobold skeletons (D:6)
  A kobold zombie (D:6)
  A quokka skeleton (D:5)
  3 rats
294 creatures vanquished.

Vanquished Creatures (collateral kills)
  A two-headed ogre (D:10)
  A phantom (D:10)
  An ogre (D:10)
  A bullfrog (D:10)
  A scorpion (D:11)
  A centaur zombie (D:10)
6 creatures vanquished.

Vanquished Creatures (others)
  A centaur (D:9)
  3 ancestors
  3 gnolls (D:9)
  An ooze (Sewer)
  An adder zombie (Sewer)
  A goblin (D:3)
10 creatures vanquished.

Grand Total: 310 creatures vanquished

Notes
Turn   | Place    | Note
-------+----------+-------------------------------------------
     0 | D:1      | iamserjio the Octopode Gladiator began the quest for the
                  | Orb.
     0 | D:1      | Reached XP level 1. HP: 14/14 MP: 1/1
   247 | D:1      | Reached XP level 2. HP: 16/19 MP: 2/2
   803 | D:2      | Reached XP level 3. HP: 13/25 MP: 3/3
  1149 | D:2      | Found a basalt altar of Yredelemnul.
  1198 | D:2      | Reached XP level 4. HP: 20/30 MP: 4/4
  1202 | D:2      | Reached skill level 4 in Dodging
  1704 | D:2      | Found a deep blue altar of Sif Muna.
  1721 | D:2      | You fall through a shaft for 2 floors!
  1723 | D:4      | Found a sparkling altar of Nemelex Xobeh.
  1724 | D:4      | Noticed a phantom
  1987 | D:4      | Noticed an ogre
  1994 | D:4      | Found a radiant altar of Vehumet.
  2012 | D:4      | Reached XP level 5. HP: 31/36 MP: 5/5
  2025 | D:4      | Noticed an ogre
  2147 | D:4      | Killed an ogre
  2147 | D:4      | Reached skill level 5 in Dodging
  2248 | D:4      | Noticed a phantom
  2292 | D:4      | Killed a phantom
  2292 | D:4      | Reached XP level 6. HP: 18/43 MP: 6/6
  2390 | D:4      | Found a glowing drain.
  2394 | Sewer    | Entered a sewer
  2397 | Sewer    | Reached skill level 6 in Dodging
  2638 | Sewer    | Reached XP level 7. HP: 48/48 MP: 7/7
  2775 | Sewer    | Found a burning altar of Makhleb.
  2812 | Sewer    | Noticed Grinder
  3092 | Sewer    | Killed Grinder
  3092 | Sewer    | Reached skill level 5 in Fighting
  3092 | Sewer    | Reached skill level 7 in Dodging
  3529 | D:4      | Reached XP level 8. HP: 48/55 MP: 8/8
  4060 | D:5      | Entered Level 5 of the Dungeon
  4101 | D:5      | Found a staircase to the Ecumenical Temple.
  4107 | D:5      | Noticed Blork the orc
  4110 | Temple   | Entered the Ecumenical Temple
  4127 | D:5      | Noticed Sigmund
  4158 | D:5      | Killed Blork the orc
  4330 | D:3      | Noticed Robin
  4365 | D:3      | Killed Robin
  4365 | D:3      | Reached skill level 1 in Evocations
  4548 | D:3      | Reached skill level 8 in Dodging
  4959 | D:5      | Noticed Menkaure
  5269 | D:5      | Killed Menkaure
  5451 | D:5      | Found a sparkling altar of Nemelex Xobeh.
  6015 | D:5      | Found a burning altar of Makhleb.
  6015 | D:5      | Noticed a balrug
  6018 | D:5      | Noticed a hellwing
  6018 | D:5      | Noticed an orange demon
  6296 | D:5      | Found a burning altar of Makhleb.
  6361 | D:5      | Found a staircase to the Ecumenical Temple.
  6568 | D:5      | Found a sparkling altar of Nemelex Xobeh.
  6825 | D:6      | Found a shattered altar of Ashenzari.
  7052 | D:6      | Noticed Edmund
  7067 | D:6      | Killed Edmund
  7067 | D:6      | Reached skill level 9 in Dodging
  7067 | D:6      | Reached XP level 9. HP: 55/62 MP: 11/11
  7199 | D:6      | Found a glowing golden altar of the Shining One.
  7876 | D:7      | Reached skill level 1 in Shields
  8754 | D:7      | Killed Sigmund
  8754 | D:7      | Reached skill level 1 in Polearms
  9211 | D:7      | Killed an unseen horror
  9211 | D:7      | Reached skill level 10 in Dodging
  9521 | D:7      | Identified the Compendium of Captivating Ice
  9938 | D:8      | Reached XP level 10. HP: 52/71 MP: 13/13
 10106 | D:8      | Noticed a black mamba
 10106 | D:8      | a meliai changed into a black mamba
 10167 | D:8      | Reached skill level 5 in Evocations
 10272 | D:8      | Found a blossoming altar of Fedhas.
 10337 | D:8      | Found a hide-covered altar of Uskayaw.
 10388 | D:8      | Found a transporter.
 10388 | D:8      | Found a transporter.
 10388 | D:8      | Noticed an orc knight
 10395 | D:8      | Noticed Harold
 10550 | D:8      | Noticed a fire crab
 10951 | D:8      | Killed Harold
 11263 | D:8      | Learned a level 2 spell: Blink
 11267 | D:8      | Learned a level 3 spell: Conjure Flame
 11271 | D:8      | Learned a level 3 spell: Mephitic Cloud
 11533 | D:9      | Reached skill level 1 in Spellcasting
 11632 | D:9      | Reached skill level 1 in Translocations
 11646 | D:9      | Reached skill level 5 in Polearms
 11712 | D:9      | Noticed a two-headed ogre
 11715 | D:9      | Reached XP level 11. HP: 69/77 MP: 15/15
 11721 | D:9      | Killed a two-headed ogre
 12230 | D:9      | Found a glowing silver altar of Zin.
 12314 | D:9      | Found a staircase to the Lair.
 12332 | D:9      | Found a large runed door.
 12332 | D:9      | Found a large runed door.
 12351 | D:9      | Noticed wwer's ghost (novice DrFi)
 12859 | D:9      | Found a shimmering altar of Xom.
 12860 | D:9      | Found a hazy altar of Hepliaklqana.
 12860 | D:9      | Noticed a tentacled monstrosity
 12862 | D:9      | Noticed a tentacled monstrosity
 12865 | D:9      | Became a worshipper of Hepliaklqana the Forgotten
 12883 | D:9      | Found a staircase to the Orcish Mines.
 12995 | D:10     | Entered Level 10 of the Dungeon
 13066 | D:10     | Noticed a two-headed ogre
 13075 | D:10     | Killed a two-headed ogre
 13075 | D:10     | Reached skill level 11 in Dodging
 13327 | D:10     | Noticed a two-headed ogre
 13333 | D:10     | Killed a two-headed ogre
 13436 | D:10     | Got an encrusted falchion
 13443 | D:10     | Learned a level 3 spell: Ozocubu's Armour
 13477 | D:10     | Noticed a two-headed ogre
 13547 | D:10     | Killed a two-headed ogre
 13650 | D:10     | Reached skill level 1 in Charms
 13650 | D:10     | Reached skill level 1 in Ice Magic
 13858 | D:10     | Identified the +4 falchion of Jeleuc {pain, +Inv rElec rF+
                  | rC+} (You found it on level 10 of the Dungeon)
 13922 | D:11     | Noticed a seven-headed hydra
 14033 | D:11     | Reached skill level 1 in Invocations
 14033 | D:11     | HP: 2/70 [something (12)]
 14043 | D:11     | Slain by an unseen horror

Vault maps used:
D:1:      saegor_arrival_under_anarchy
D:2:      yredelemnul_altar_generic, led_sif_pool, minmay_joined_circles
D:3:      uniq_robin
D:4:      nemelex_xobeh_ov_fountains_minmay, vehumet_crystals,
          gup_sewer_entry_spiral
D:5:      makhleb_altar_promises_db, temple_pool_b, first_ration,
          nemelex_spade_bored_becter, uniq_blork_the_orc, uniq_menkaure,
          uniq_sigmund
D:6:      nicolae_tso_besieged_by_evil, ashenzari_altar_1, uniq_edmund
D:8:      gammafunk_the_bubble, old_standard_altar, fedhas_ov_isle_minmay,
          uniq_harold
D:9:      lemuel_ice_spiral_2, regret_index_temple_of_mockery,
          kennysheep_little_box, lair_entry_dummy, ebering_ghost_disaster_area
D:11:     special_room, uniq_urug
Temple:   minmay_freezing_vapour_temple
Sewer:    kennysheep_sewer_church

Skill      XL: |  1  2  3  4  5  6  7  8  9 10 11 |
---------------+----------------------------------+-----
Dodging        | 4 5 6 7 9 10 11 | 11.0
Staves         | 4 |  4.1
Fighting       | 3 4 5 6 7 8 |  8.6
Evocations     | 3 4 6 |  6.0
Shields        | 2 4 |  4.0
Polearms       | 2 5 7 |  7.3
Spellcasting   | 2 4 |  4.6
Translocations | 1 3 |  3.1
Charms         | 1 |  1.2
Ice Magic      | 1 |  1.0
Invocations    | 1 |  1.0
Throwing       | |  2.0

Action                   |  1- 3 |  4- 6 |  7- 9 | 10-12 || total
-------------------------+-------+-------+-------+-------++-------
Melee: Quarterstaff      |    67 |    90 |   315 |    26 ||   498
       Constrict         |    16 |    19 |    85 |    48 ||   168
       Tentacles         |    10 |    18 |    75 |    66 ||   169
       Trident           |       |       |    32 |   244 ||   276
Throw: Throwing net      |       |     2 |       |     1 ||     3
Invok: Ancestor Identity |       |       |       |     1 ||     1
Evoke: Wand              |       |       |     3 |    28 ||    31
  Use: Potion            |     1 |     1 |     6 |     4 ||    12
       Scroll            |       |       |    11 |     4 ||    15
 Stab: Sleeping          |     1 |     4 |     5 |     2 ||    12
       Held in net/web   |       |     1 |       |       ||     1
       Distracted        |       |       |       |     2 ||     2
  Eat: Chunk             |     1 |     1 |    13 |    10 ||    25
       Ration            |       |     1 |     3 |     2 ||     6
Armor: Skin              |    14 |     1 |    57 |     5 ||    77
Dodge: Dodged            |    60 |    46 |   257 |   178 ||   541
Block: Other             |       |       |    71 |     8 ||    79
       Reflection        |       |       |     5 |     2 ||     7
       Buckler           |       |       |       |    65 ||    65

Table legend:
 A = Non-vault XP
 B = Vault XP
 C = Vault XP percentage of total XP
 D = Non-vault monster count
 E = Vault monster count
 F = Vault count percentage of total count
                 A         B        C        D         E       F
            +---------+---------+-------+---------+---------+-------
      Total |   14116 |    2392 |  14.5 |     224 |      78 |  25.8
            +---------+---------+-------+---------+---------+-------
        D:1 |      32 |       0 |   0.0 |      17 |       0 |   0.0
        D:2 |      36 |      53 |  59.6 |      12 |      14 |  53.8
        D:3 |      65 |      37 |  36.3 |      24 |      12 |  33.3
        D:4 |     664 |      33 |   4.7 |      18 |       8 |  30.8
        D:5 |     315 |     271 |  46.2 |      12 |       2 |  14.3
        D:6 |     601 |     184 |  23.4 |      21 |       7 |  25.0
        D:7 |    1613 |     242 |  13.0 |      26 |       1 |   3.7
        D:8 |     947 |    1002 |  51.4 |      22 |       1 |   4.3
        D:9 |    5230 |       0 |   0.0 |      41 |       0 |   0.0
       D:10 |    4313 |       0 |   0.0 |      27 |       0 |   0.0
       D:11 |     300 |       0 |   0.0 |       4 |       0 |   0.0
      Sewer |       0 |     570 | 100.0 |       0 |      33 | 100.0
            +---------+---------+-------+---------+---------+-------
